AoeStats
← shanks3106

Arabia

509782495Analyzed
1v1 RM · 4d ago on Sep 28, 2026· 38m 8s· 2 players
Game mode
Random Map
Map size
Tiny (2 player)
Population
200
Speed
Normal
Resources
Standard
Victory
Conquest
Starting age
Dark Age
Ending age
Imperial Age
RankedLock teamsTeams togetherTeam positionsShared explorationLock speedFull tech treeHidden civsTurbo modeCheats
Victory
Defeat
🇺🇸 Burmese · United States
878
+14
🇨🇴 Burmese · Colombia
839
-14
shanks3106
6:55 Loom
7:27 Loom
9:48 Feudal Age
10:11 Man-at-Arms
10:47 Man-at-Arms
19:00 Horse Collar
21:46 Castle Age
21:24 Forging
22:00 Scale Barding Armor
22:33 Husbandry
23:40 Bloodlines
22:56 Light Cavalry
30:13 Iron Casting
29:59 Chain Barding Armor
32:02 Wheelbarrow
32:27 Chain Barding Armor
37:44 Imperial Age
35:32 Hand Cart
35:04 Town Watch
35:19 Fletching
35:29 Padded Archer Armor
36:47 Manipur Cavalry
Warp20217302
0:28 Loom
11:23 Feudal Age
21:17 Castle Age
23:10 Fletching
33:49 Bodkin Arrow
36:30 Forging
Connection lost

Rejoining the realm…

Still unreachable

The connection could not be restored.

Session expired

The server has moved on; the page needs a fresh start.